 Dungeon Crawl Stone Soup version 0.20.1-1-g8b1a95d (webtiles) character file.

197 Monsterracer the Conjurer (level 5, 0/38 HPs)
             Began as a Draconian Conjurer on Sept 5, 2017.
             Was a Believer of Vehumet.
             Slain by an ice beast (7 damage)
             ... on level 3 of the Dungeon.
             The game lasted 00:07:00 (2935 turns).

Monsterracer the Conjurer (Draconian Conjurer)      Turns: 2935, Time: 00:07:01

Health: 0/38       AC:  8    Str: 11    XL:     5   Next: 46%
Magic:  1/10       EV: 12    Int: 16    God:    Vehumet [**....]
Gold:   159        SH:  0    Dex:  9    Spells: 3/10 levels left

rFire    . . .     SeeInvis .   e - +1 spear
rCold    . . .     Gourm    .   (no shield)
rNeg     . . .     Faith    .   (armour unavailable)
rPois    .         Spirit   .   (helmet restricted)
rElec    .         Reflect  .   (no cloak)
rCorr    .         Harm     .   f - +2 pair of gloves
MR       .....                  (no boots)
Stlth    +.........             (no amulet)
Regen    0.2/turn               k - ring of loudness (curse)
MPRegen  0.2/turn               l - -2 ring of dexterity (curse)

@: flying
A: unfitting armour, cold-blooded, AC +5
a: Renounce Religion


You were on level 3 of the Dungeon.
You worshipped Vehumet.
Vehumet was pleased with you.
You were hungry.

You visited 1 branch of the dungeon, and saw 6 of its levels.

You collected 159 gold pieces.

Inventory:

Hand Weapons
 e - a +1 spear (weapon)
Armour
 f - a +2 pair of gloves (worn)
Jewellery
 k - a cursed ring of loudness (left hand)
 l - a cursed -2 ring of dexterity (right hand)
Scrolls
 j - 2 scrolls of enchant armour
 m - a scroll of magic mapping
Potions
 d - 2 potions of brilliance
 g - a potion of cancellation
 h - a potion of might
 n - 2 potions of mutation
Books
 a - a book of Conjurations

   Spells                             Type                      Level
   a - Magic Dart                     Conjuration                  1
   b - Searing Ray                    Conjuration                  2
   c - Dazzling Spray                 Conjuration/Hexes            3
   d - Fulminant Prism                Conjuration/Hexes            4
   e - Force Lance                    Conjuration/Translocation    4
   f - Iskenderun's Mystic Blast      Conjuration                  4
Comestibles
 b - 2 bread rations
 i - a meat ration


   Skills:
 - Level 1.7 Dodging
 - Level 1.7 Stealth
 + Level 3.4 Spellcasting
 * Level 6.0 Conjurations


You had 3 spell levels left.
You knew the following spells:

 Your Spells              Type           Power        Failure   Level  Hunger
a - Magic Dart            Conj           ###.         1%          1    None
b - Searing Ray           Conj           ###...       2%          2    ##.....
c - Iskenderun's Mystic   Conj           ###.....     16%         4    ####...


Dungeon Overview and Level Annotations

Branches:
Dungeon (6/15)
 Temple: D:4-7

Altars:
Cheibriados
Dithmenos
Hepliaklqana
Qazlal
Vehumet

Annotations:
D:5 Grinder, Menkaure


Innate Abilities, Weirdness & Mutations

Your plain brown scales are hard. (AC +5)
You cannot fit into any form of body armour.
You are cold-blooded and may be slowed by cold attacks.


Message History

The ice beast is heavily wounded.
* * * LOW MAGIC WARNING * * *
The ice beast hits you. The ice beast freezes you!
You feel yourself slow down.
* * * LOW HITPOINT WARNING * * *
Huge Dmg: -45%(-17hp) hp: 19%(7hp)
The searing ray hits the ice beast.
The ice beast is severely wounded.
* * * LOW MAGIC WARNING * * *
You finish channeling your searing ray.
The ice beast closely misses you.
The ice beast hits you but does no damage.
It was a potion of flight.
You feel very buoyant.
You fly up into the air.
You feel yourself speed up. The ice beast misses you. The ice beast hits you.
* * * LOW HITPOINT WARNING * * *
The ice beast freezes you!
You die...

#####(....##.#########.
###...........)......# #.
#........#####.#####.###.
#....(...'(((.....gr..rg.
#........##.#.#####+##)..
#......####...# #...
#......# ##### b..#
######'#########... .##.#
#.>.@Y.)†........ #.#
#....>.....?.=.. #.#
#.)..........### #..
###...........#
#.......###.# #.......# #
#.......# ######### #. .#
##+#


You could see an ice beast.

Vanquished Creatures
  A bullfrog (D:3)
  A centaur zombie (D:4)
  4 adders
  An ooze (D:2)
  2 worms
  A dart slug (D:1)
  3 leopard geckos
  An orc (D:4)
  A giant cockroach (D:2)
  7 goblins
  8 hobgoblins
  3 jackals (D:1)
  5 kobolds
  4 bats
  3 frilled lizards
  11 rats
56 creatures vanquished.

Notes
Turn   | Place    | Note
-------+----------+-------------------------------------------
     0 | D:1      | Monsterracer the Draconian Conjurer began the quest for the Orb.
     0 | D:1      | Reached XP level 1. HP: 14/14 MP: 3/3
   346 | D:1      | Reached XP level 2. HP: 20/20 MP: 1/5
   870 | D:1      | Reached XP level 3. HP: 26/26 MP: 3/6
   874 | D:1      | Learned a level 2 spell: Searing Ray
  1249 | D:2      | Found a faded altar of an unknown god.
  1459 | D:2      | Became a worshipper of Vehumet
  1459 | D:2      | Reached * piety under Vehumet
  1459 | D:2      | Offered knowledge of Sting by Vehumet.
  1524 | D:2      | Reached skill level 5 in Conjurations
  1557 | D:2      | Reached XP level 4. HP: 30/33 MP: 3/8
  1810 | D:2      | Found a shadowy altar of Dithmenos.
  1846 | D:2      | Found a snail-covered altar of Cheibriados.
  2249 | D:3      | Found a hazy altar of Hepliaklqana.
  2373 | D:3      | You fall through a shaft for 3 floors!
  2382 | D:5      | Entered Level 5 of the Dungeon
  2382 | D:5      | Found a stormy altar of Qazlal.
  2393 | D:5      | Noticed Grinder
  2399 | D:5      | Noticed Menkaure
  2405 | D:5      | Paralysed by Grinder for 2 turns
  2502 | D:4      | Learned a level 4 spell: Iskenderun's Mystic Blast
  2586 | D:4      | Noticed a phantom
  2643 | D:3      | Noticed an ice beast
  2655 | D:3      | Noticed a bullfrog
  2661 | D:3      | Killed a bullfrog
  2661 | D:3      | Reached XP level 5. HP: 19/38 MP: 1/10
  2677 | D:3      | HP: 19/38 [adder (2)]
  2686 | D:2      | HP: 17/38 [adder (3)]
  2687 | D:2      | Reached skill level 6 in Conjurations
  2892 | D:3      | Offered knowledge of Sandblast by Vehumet.
  2913 | D:3      | Reached ** piety under Vehumet
  2931 | D:3      | HP: 7/38 [ice beast (14)]
  2935 | D:3      | Slain by an ice beast

Skill      XL: |  1  2  3  4  5 |
---------------+----------------+-----
Conjurations   | 5 6 |  6.0
Spellcasting   | 3 |  3.4
Dodging        | |  1.7
Stealth        | |  1.7

Action                   |  1- 3 |  4- 6 || total
-------------------------+-------+-------++-------
Melee: Unarmed           |     3 |       ||     3
       Spear             |    21 |    22 ||    43
       Tailslap          |     2 |     1 ||     3
 Cast: Magic Dart        |    62 |    22 ||    84
       Searing Ray       |     3 |     8 ||    11
  Use: Scroll            |     7 |     7 ||    14
       Potion            |       |     1 ||     1
  Eat: Chunk             |     3 |     4 ||     7
Armor: Skin              |    17 |    31 ||    48
Dodge: Dodged            |    28 |    44 ||    72
